 Dungeon Crawl Stone Soup version 0.28-a0-957-g42eb19b844 (webtiles) character file.

Game seed: 13129164534261106477

47 horus123 the Slasher (level 3, 0/27 HPs)
             Began as a Demonspawn Gladiator on Dec 1, 2021.
             Was an Initiate of Ashenzari.
             Succumbed to an adder's poison
             ... on level 2 of the Dungeon.
             The game lasted 00:02:56 (1344 turns).

horus123 the Slasher (Demonspawn Gladiator)         Turns: 1344, Time: 00:02:56

Health: 0/27       AC:  6    Str: 14    XL:     3   Next: 48%
Magic:  3/3        EV: 12    Int:  9    God:    Ashenzari [......]
Gold:   58         SH:  0    Dex: 16    Spells: 2/2 levels left

rFire   . . .      SeeInvis .   a - +0 long sword
rCold   . . .      Faith    .   (no shield)
rNeg    . . .      Spirit   .   b - +0 leather armour
rPois   .          Reflect  .   c - +0 helmet "Ensconced Together" {Bglg, Fort} (curse)
rElec   .          Harm     .   h - scarf {shadows}
rCorr   .          Rampage  .   (no gloves)
Will    .....                   (no boots)
Stlth   +.........              (no amulet)
HPRegen 0.09/turn               (no ring)
MPRegen 0.16/turn               (no ring)

@: lethally poisoned (0 -> -3)
A: yellow scales 1, magic regeneration
a: Renounce Religion, Curse Item, Shatter the Chains


You were on level 2 of the Dungeon.
You worshipped Ashenzari.
Ashenzari was noncommittal.
You visited 1 branch of the dungeon, and saw 2 of its levels.

You collected 58 gold pieces.

Inventory:

Hand Weapons
 a - a +0 long sword (weapon)
Missiles
 d - 3 throwing nets
 f - 5 boomerangs (quivered)
Armour
 b - a +0 leather armour (worn)
 c - the cursed +0 helmet "Ensconced Together" (worn) {Bglg, Fort}

   It has a curse which improves the following skills: Beguiling: Conjurations,
   Hexes and Translocations.
   Fortitude: Armour and Shields.
 h - a scarf of shadows (worn)
Scrolls
 g - a scroll of magic mapping
 i - a scroll of identify {unknown}
Potions
 e - a potion of flight {unknown}
 j - a potion of heal wounds {unknown}
 k - a potion of curing {unknown}


   Skills:
 + Level 2.2 Fighting
 + Level 3.4 Long Blades
 + Level 2.2 Throwing
 + Level 0.4(0.6) Armour
 + Level 3.0 Dodging


You had 2 spell levels left.
You didn't know any spells.
Your spell library was empty.

Dungeon Overview and Level Annotations

Branches:
Dungeon (2/15)

Altars:
Ashenzari


Innate Abilities, Weirdness & Mutations

You are partially covered in yellow scales. (AC +2)
You regenerate magic rapidly.


Message History

No target in view!
You open the door.
An adder comes into view.
The adder hisses angrily.
You closely miss the adder. The adder bites you but does no damage.
The adder closely misses you.
You closely miss the adder. The adder bites you. x2
You are poisoned.
The adder poisons you!
An adder is nearby!
You barely miss the adder.
You feel sick. The adder closely misses you.
You barely miss the adder.
You feel sick. The adder bites you.
You are more poisoned.
The adder poisons you! The adder bites you.
You barely miss the adder.
You feel very sick. The adder closely misses you. x2
You are too injured to fight recklessly!
You are too injured to fight recklessly!
You are too injured to fight recklessly!
You closely miss the adder.
You feel sick. The adder barely misses you.
You barely miss the adder.
You feel sick. The adder bites you.
* * * LOW HITPOINT WARNING * * *
You are lethally poisoned!
The adder poisons you! The adder bites you but does no damage.
You hit the adder.
The adder is heavily wounded.
* * * LOW HITPOINT WARNING * * *
You feel sick. The adder barely misses you.
You closely miss the adder.
The adder is heavily wounded.
* * * LOW HITPOINT WARNING * * *
You feel sick. The adder barely misses you. The adder closely misses you.
You hit the adder.
The adder is severely wounded.
* * * LOW HITPOINT WARNING * * *
You feel sick. The adder closely misses you.
You slash the adder!
You kill the adder!
You die...

##... #...# +...+
#...#
####+#####...#
#..+.....#...#
#..#.....#...#
#'##...†.'...+
#@.#.....#...#
#..'.....#...#
####'#####...####
#..#..#...#..#
#..#..'...†..#
#######...#####
#..## #.# #.##
#.# #.### #.#


There were no monsters in sight!

Vanquished Creatures
  A gnoll (D:1)
  2 adders (D:2)
  3 endoplasms (D:1)
  A giant cockroach (D:2)
  A goblin (D:2)
  3 hobgoblins
  2 jackals (D:1)
  2 kobolds (D:1)
  6 ball pythons
  5 bats
  A frilled lizard (D:2)
  2 rats (D:1)
29 creatures vanquished.

Notes
Turn   | Place    | Note
-------+----------+-------------------------------------------
     0 | D:1      | horus123 the Demonspawn Gladiator began the quest for the
                  | Orb.
     0 | D:1      | Reached XP level 1. HP: 16/16 MP: 1/1
   325 | D:1      | Found a faded altar of an unknown god.
   331 | D:1      | Prayed at the altar of an unknown god.
   331 | D:1      | Became a worshipper of Ashenzari the Shackled
   346 | D:1      | Gained mutation: You are partially covered in yellow
                  | scales. (AC +2) [demonic ancestry]
   346 | D:1      | Reached XP level 2. HP: 21/22 MP: 2/2
  1074 | D:2      | Gained mutation: You regenerate magic rapidly. [demonic
                  | ancestry]
  1074 | D:2      | Reached XP level 3. HP: 27/27 MP: 3/3
  1344 | D:2      | Succumbed to an adder's poison

Illustrated notes

Levels and vault maps discovered:
D:1:      heliophobic_arrival_dark_side_of_the_moon, layout_loops_ring,
          dreamdust_ecumenical_altar_angels_and_demons
D:2:      layout_loops_ring, minmay_snake_closets

Skill      XL: |  1  2 |
---------------+-------+-----
Throwing       | 2 |  2.2
Long Blades    | 3 |  3.4
Dodging        | 3 |  3.0
Fighting       | |  2.2
Armour         | |  0.4

Action                   || total
-------------------------++-------
Melee: Long sword        ||    65
Throw: Boomerang         ||     4
Invok: Curse Item        ||     1
  Use: Scroll            ||     1
Armor: Leather armour    ||    31
Dodge: Dodged            ||    52

Table legend: (Time is in decaauts)
 A = Elapsed time spent in this place.
 B = Non-inter-level travel time spent in this place.
 C = Inter-level travel time spent in this place.
 D = Time resting spent in this place.
 E = Time spent auto-exploring this place.
 F = Levels seen in this place.
 G = Mean time per level.
                   A        B        C        D        E       F      G
               +--------+--------+--------+--------+--------+-----+--------+
         Total |   1360 |   1318 |     42 |      0 |   1086 |   2 |  680.0 |
       Dungeon |   1360 |   1318 |     42 |      0 |   1086 |   2 |  680.0 |
               +--------+--------+--------+--------+--------+-----+--------+

Top non-repeatable levels by time:
     D:1: 1054 daAuts
     D:2: 305 daAuts
